 Dungeon Crawl Stone Soup version 0.25-a0-781-gc44aebf4fe (webtiles) character file.

Game seed: 244981309669038865, levelgen mode: deterministic

8929 tilp the Quickloader (level 11, -9/68 HPs)
             Began as a Kobold Arcane Marksman on Apr 15, 2020.
             Was an Elder of Makhleb.
             Mangled by a troll (16 damage)
             ... on level 11 of the Dungeon.
             The game lasted 00:43:10 (12473 turns).

tilp the Quickloader (Kobold Arcane Marksman)      Turns: 12473, Time: 00:43:11

Health: -9/68      AC:  9    Str: 10    XL:     11   Next: 64%
Magic:  15/17      EV: 22    Int: 15    God:    Makhleb [****..]
Gold:   622        SH:  0    Dex: 16    Spells: 8/18 levels left

rFire    . . .     SeeInvis .   a - +0 hand crossbow
rCold    . . .     Gourm    .   (shield restricted)
rNeg     . . .     Faith    +   N - +2 robe {MR+}
rPois    .         Spirit   .   q - +1 helmet (curse)
rElec    .         Reflect  .   (no cloak)
rCorr    .         Harm     .   C - +0 pair of gloves (curse)
MR       +....                  M - +1 pair of boots {Stlth+}
Stlth    ++........             E - amulet of faith
HPRegen  0.21/turn              (no ring)
MPRegen  0.15/turn              (no ring)

@: no status effects
A: small, carnivore
a: Minor Destruction, Lesser Servant of Makhleb, Major Destruction, Renounce
Religion


You were on level 11 of the Dungeon.
You worshipped Makhleb.
Makhleb was greatly pleased with you.
You were completely stuffed.

You visited 1 branch of the dungeon, and saw 11 of its levels.

You collected 622 gold pieces.

Inventory:

Hand Weapons
 a - a +0 hand crossbow (weapon)
 b - a +2 vorpal morningstar
 s - a +2 shortbow of flaming
 z - a +0 shortbow
 L - a +0 dagger of venom
 O - a +0 scimitar of flaming
Missiles
 d - 21 bolts (quivered)
 f - 2 throwing nets {!f}
 i - 242 arrows
 r - 56 poisoned darts
Armour
 l - +0 swamp dragon scales
 q - a cursed +1 helmet (worn)
 y - a +0 kite shield
 C - a cursed +0 pair of gloves (worn)
 D - a cursed +0 ring mail
 M - a +1 pair of boots of stealth (worn)
 N - a +2 robe of magic resistance (worn)
Jewellery
 n - an uncursed amulet of rage
 E - an amulet of faith (around neck)
Wands
 e - a wand of scattershot (5)
 k - a wand of iceblast (12)
 F - a wand of clouds (1)
 H - a wand of flame (18)
 Q - a wand of polymorph (6)
Scrolls
 g - a scroll of fear
 h - 7 scrolls of remove curse
 o - 2 scrolls of amnesia
 v - a scroll of magic mapping
 w - a scroll of fog
 B - a scroll of random uselessness {unknown}
 P - a scroll of immolation {unknown}
 R - a scroll of enchant weapon {unknown}
Potions
 j - 2 potions of cancellation
 m - 2 potions of brilliance
 p - a potion of might
 t - 4 potions of flight
 u - 2 potions of invisibility
 x - 2 potions of mutation
 A - 2 potions of curing
 G - a potion of heal wounds
 J - a potion of stabbing
Miscellaneous
 K - a tin of tremorstones
Comestibles
 c - 17 rations


   Skills:
 - Level 8.2 Fighting
 - Level 10.1 Crossbows
 - Level 9.3 Dodging
 - Level 4.0 Spellcasting
 - Level 8.8 Hexes
 - Level 6.0 Invocations
 + Level 3.6 Evocations


You had 8 spell levels left.
You knew the following spells:

 Your Spells              Type           Power        Failure   Level  Hunger
a - Corona                Hex            ####...      1%          1    None
b - Slow                  Hex            ####....     1%          2    ##.....
c - Portal Projectile     Hex/Tloc       ###...       9%          3    ###....
d - Cause Fear            Hex            ####......   4%          4    ####...

Your spell library contained the following spells:

 Spells                   Type           Power        Failure   Level  Hunger
 Inner Flame              Hex/Fire       ###.....     9%          3    ###....
 Leda's Liquefaction      Hex/Erth       ###.......   28%         4    ####...


Dungeon Overview and Level Annotations

Branches:
Dungeon (11/15)            Temple (0/1) D:5            Lair (0/6) D:9
    Orc: D:9-12

Altars:
Cheibriados
Gozag
Makhleb
Nemelex Xobeh
Okawaru
Qazlal
Sif Muna
Uskayaw
Vehumet
The Shining One

Shops:
D:8 %

Portals:
Abyss: D:6

Annotations:
D:6 2 transporters, exclusion: statue, DOPEyDwarf's ghost, novice TrBe; Pikel


Innate Abilities, Weirdness & Mutations

You are small and have problems with some larger weapons.
You are carnivorous and can eat meat at any time.


Message History

Press: ? - help, Shift-Dir - straight line, f/p - troll
Aim: a troll (lightly wounded, chance to defeat MR: 69%)
The troll struggles to resist.
The troll closely misses you. The troll claws you!
* * * LOW HITPOINT WARNING * * *
The troll misses you.
Casting: Slow (safe; 1% risk of failure)
Confirm with . or Enter, or press ? or * to list all spells.
Aiming: Slow (safe; 1% risk of failure)
Press: ? - help, Shift-Dir - straight line, f/p - troll
Aim: a troll (lightly wounded, chance to defeat MR: 69%)
The troll struggles to resist.
The troll bites you!
* * * LOW HITPOINT WARNING * * *
The troll completely misses you. The troll closely misses you.
The troll barely misses you. The troll completely misses you.
The troll claws you.
* * * LOW HITPOINT WARNING * * *
There is a stone staircase leading up here.
The troll bites you!
You die...

###############
#.............#
#.............#
#.............#
#.............#
#.............+
#....<........#
#...........T<#
#..).......@..#
#.............#
##########'####
######.....#
#((.(..#####
#'######
#..(.{....
#.........
#.?..T....


You could see a troll.

Vanquished Creatures
  Erica (D:9)
  2 two-headed ogres
  A gargoyle (D:10)
  A troll (D:9)
  A hippogriff (D:8)
  A wyvern (D:10)
  A hungry ghost (D:8)
  A basilisk (D:9)
  A water moccasin (D:7)
  2 slaves (D:5)
  5 porcupines (D:9)
  2 black bears
  An orc warrior (D:9)
  2 sky beasts
  3 ice beasts
  An eye of draining (D:7)
  5 wolves
  3 phantoms
  An ogre (D:9)
  7 centaurs
  A crocodile (D:9)
  A big kobold (D:9)
  2 bullfrogs
  A wyvern skeleton (D:8)
  7 scorpions
  8 killer bees
  7 wights
  A howler monkey (D:6)
  A bullfrog zombie (D:5)
  3 centaur zombies
  5 crimson imps
  An orc priest (D:5)
  3 hounds
  A gnoll shaman (D:6)
  A centaur skeleton (D:10)
  6 orc wizards
  4 bullfrog skeletons
  3 iguanas (D:4)
  3 worker ants
  2 hound zombies
  Robin (D:3)
  5 gnolls (D:6)
  18 adders
  A shadow imp (D:6)
  An ooze (D:2)
  An adder zombie (D:5)
  An adder skeleton (D:4)
  3 worms (D:2)
  2 dart slugs
  3 leopard geckos
  23 orcs
  5 giant cockroaches
  17 goblins
  10 hobgoblins
  7 jackals
  6 quokkas
  17 bats
  5 frilled lizards
  A jackal skeleton (D:6)
  11 kobolds
  A leopard gecko zombie (D:5)
  9 rats
  A bush (D:9)
  A withered plant (D:5)
253 creatures vanquished.

Vanquished Creatures (others)
  A killer bee (D:10)
  3 fungi (D:9)
  5 plants (D:9)
9 creatures vanquished.

Grand Total: 262 creatures vanquished

Notes
Turn   | Place    | Note
-------+----------+-------------------------------------------
     0 | D:1      | tilp the Kobold Arcane Marksman began the quest for the
                  | Orb.
     0 | D:1      | Reached XP level 1. HP: 12/12 MP: 2/2
    74 | D:1      | Reached XP level 2. HP: 14/17 MP: 1/3
   101 | D:1      | Learned a level 2 spell: Slow
   236 | D:1      | Reached XP level 3. HP: 22/23 MP: 1/4
   769 | D:2      | Found a snail-covered altar of Cheibriados.
   837 | D:2      | Reached XP level 4. HP: 28/29 MP: 3/5
  1041 | D:2      | Learned a level 3 spell: Portal Projectile
  1397 | D:2      | Reached XP level 5. HP: 33/33 MP: 7/7
  2226 | D:3      | Reached skill level 3 in Crossbows
  2226 | D:3      | Reached XP level 6. HP: 27/38 MP: 6/9
  2485 | D:3      | Found a glowing golden altar of the Shining One.
  2645 | D:3      | Noticed Robin
  2664 | D:3      | Killed Robin
  2664 | D:3      | Reached skill level 4 in Crossbows
  3112 | D:4      | Reached skill level 5 in Crossbows
  3263 | D:4      | Found a burning altar of Makhleb.
  3275 | D:4      | Became a worshipper of Makhleb the Destroyer
  3309 | D:4      | Noticed a phantom
  3316 | D:4      | Killed a phantom
  3316 | D:4      | Reached skill level 6 in Crossbows
  3316 | D:4      | Reached XP level 7. HP: 43/43 MP: 10/10
  3827 | D:5      | Entered Level 5 of the Dungeon
  4244 | D:5      | Reached skill level 5 in Dodging
  4529 | D:5      | Found a staircase to the Ecumenical Temple.
  4580 | D:5      | Reached XP level 8. HP: 30/48 MP: 11/11
  5072 | D:5      | Found a sparkling altar of Nemelex Xobeh.
  5183 | D:6      | Noticed Pikel
  5561 | D:6      | Found an iron altar of Okawaru.
  5612 | D:6      | Reached * piety under Makhleb
  5890 | D:6      | Found a hide-covered altar of Uskayaw.
  5900 | D:6      | Found a shimmering blue altar of Sif Muna.
  5955 | D:6      | Found a radiant altar of Vehumet.
  6453 | D:6      | Found a transporter.
  6454 | D:6      | Found a transporter.
  6460 | D:6      | Found a one-way gate to the infinite horrors of the Abyss.
  6460 | D:6      | Noticed DOPEyDwarf's ghost (novice TrBe)
  6470 | D:6      | Noticed a sun demon
  6920 | D:7      | Reached XP level 9. HP: 52/52 MP: 12/12
  6977 | D:7      | Found a stormy altar of Qazlal.
  7072 | D:7      | Reached skill level 7 in Crossbows
  7317 | D:7      | Reached skill level 8 in Crossbows
  7719 | D:7      | Reached skill level 9 in Crossbows
  7980 | D:8      | Reached ** piety under Makhleb
  8101 | D:8      | Noticed a hippogriff
  8132 | D:8      | Killed a hippogriff
  8132 | D:8      | Reached skill level 10 in Crossbows
  8574 | D:8      | Reached skill level 5 in Fighting
  8653 | D:8      | Reached XP level 10. HP: 61/61 MP: 13/13
  8731 | D:8      | Found Yngid's Food Shoppe.
  9545 | D:9      | Reached *** piety under Makhleb
  9580 | D:9      | Reached skill level 5 in Hexes
  9797 | D:9      | Found a staircase to the Lair.
  9926 | D:9      | Noticed Erica
  9936 | D:9      | Killed Erica
 10013 | D:9      | Found an opulent altar of Gozag.
 10044 | D:9      | Noticed a two-headed ogre
 10064 | D:9      | Reached XP level 11. HP: 56/68 MP: 17/17
 10070 | D:9      | Killed a two-headed ogre
 10076 | D:9      | Learned a level 4 spell: Cause Fear
 10526 | D:9      | Reached skill level 1 in Invocations
 10694 | D:9      | Reached **** piety under Makhleb
 11056 | D:10     | Entered Level 10 of the Dungeon
 11149 | D:10     | Noticed a two-headed ogre
 11171 | D:10     | Killed a two-headed ogre
 11171 | D:10     | Reached skill level 5 in Invocations
 12473 | D:11     | Mangled by a troll

Levels and vault maps discovered:
D:1:      scummos_arrival_hexagon, layout_rooms, st_stairs_8
D:2:      layout_basic, cheibriados_altar_1,
          hangedman_abyss_or_decor_lesser_grid
D:3:      layout_rooms, tso_metal_star, first_ration, uniq_robin
D:4:      layout_loops_ring, bloody_makhleb
D:5:      layout_rooms, old_standard_altar, minmay_temple_entry_from_below_a,
          serial_undead, serial_undead_b, serial_undead_e, serial_undead_e,
          serial_undead_c
D:6:      minmay_angry_zag, layout_loops_ring, minitemple, vehumet_statue,
          gammafunk_ghost_abyssal_escape, patterned_corridor, uniq_pikel
D:7:      minmay_the_grid_triangle_9x9_recursive_2
          [minmay_the_grid_triangle_9x9_prize_top_heavy,
          minmay_the_grid_triangle_9x9_impossible_snake,
          minmay_the_grid_triangle_9x9_descending_squares,
          minmay_the_grid_triangle_9x9_limited_checkers], layout_gridville,
          grunt_qazlal_sundering
D:8:      layout_basic, serial_shops, nicolae_shop_trees
D:9:      old_forge, layout_rooms,
          nicolae_gozag_cash_rules_everything_around_me,
          minmay_lair_entry_grove, uniq_erica
D:10:     layout_roguey
D:11:     layout_roguey, hangedman_little_slice_of_home

Skill      XL: |  1  2  3  4  5  6  7  8  9 10 11 |
---------------+----------------------------------+-----
Fighting       | 2 3 4 6 8 |  8.2
Spellcasting   | 2 4 |  4.0
Hexes          | 4 7 8 |  8.8
Crossbows      | 3 6 10 | 10.1
Dodging        | 6 9 |  9.3
Invocations    | 6 |  6.0
Evocations     | 3 |  3.6

Action                   |  1- 3 |  4- 6 |  7- 9 | 10-12 || total
-------------------------+-------+-------+-------+-------++-------
Melee: Dagger            |    28 |   149 |   218 |       ||   395
       War axe           |       |    20 |       |       ||    20
       Morningstar       |       |       |    45 |   214 ||   259
 Fire: Hand crossbow     |    51 |   133 |   286 |   221 ||   691
 Cast: Corona            |    16 |    32 |    25 |    12 ||    85
       Slow              |       |     2 |     1 |    16 ||    19
       Cause Fear        |       |       |       |     2 ||     2
Evoke: Wand              |       |       |       |     8 ||     8
  Use: Potion            |       |     3 |     2 |     1 ||     6
       Scroll            |       |     7 |    11 |     3 ||    21
 Stab: Sleeping          |       |       |     1 |     3 ||     4
       Distracted        |       |       |       |     1 ||     1
       Held in net/web   |       |       |       |     1 ||     1
  Eat: Chunk             |     9 |     9 |    17 |    19 ||    54
Armor: Robe              |     3 |    45 |     7 |    66 ||   121
       Skin              |       |    29 |       |       ||    29
       Leather armour    |       |    16 |    58 |       ||    74
Dodge: Dodged            |    39 |   206 |   356 |   447 ||  1048

Table legend:
 A = Non-vault XP
 B = Vault XP
 C = Vault XP percentage of total XP
 D = Non-vault monster count
 E = Vault monster count
 F = Vault count percentage of total count
                 A         B        C        D         E       F
            +---------+---------+-------+---------+---------+-------
      Total |    8932 |    3825 |  30.0 |     190 |      60 |  24.0
            +---------+---------+-------+---------+---------+-------
        D:1 |      35 |       2 |   5.4 |      22 |       1 |   4.3
        D:2 |     133 |       0 |   0.0 |      28 |       0 |   0.0
        D:3 |     125 |      38 |  23.3 |      24 |      12 |  33.3
        D:4 |     392 |       0 |   0.0 |      14 |       0 |   0.0
        D:5 |     288 |     164 |  36.3 |       9 |       6 |  40.0
        D:6 |     315 |     240 |  43.2 |      13 |       5 |  27.8
        D:7 |     595 |     433 |  42.1 |       9 |       6 |  40.0
        D:8 |    1616 |     257 |  13.7 |      24 |       2 |   7.7
        D:9 |    2150 |    2691 |  55.6 |      25 |      28 |  52.8
       D:10 |    3283 |       0 |   0.0 |      22 |       0 |   0.0
            +---------+---------+-------+---------+---------+-------
